[Event "41st Jacques-Lemans-Open 2022"]
[Site "St. Veit/Glan"]
[Date "2022.07.11"]
[Round "4.15"]
[White "Hresc, Vladimir"]
[Black "Navaratnam, Rohan Shan Tze"]
[Result "0-1"]
[ECO "B40"]
[WhiteElo "2308"]
[BlackElo "2071"]
[Annotator "ChessBase"]
[PlyCount "136"]
[EventDate "2022.07.09"]
[EventType "swiss"]
[EventCountry "AUT"]
[SourceTitle "playchess.com"]
[Source "ChessBase"]
[SourceQuality "1"]
[TimeControl "40/5400+30:1800+30"]

1. e4 c5 2. Nf3 e6 3. d4 cxd4 4. Nxd4 Nf6 5. Nc3 Nc6 6. Ndb5 Bc5 7. Bf4 O-O 8. Bc7 Qe7 9. Bd6 Bxd6 10. Qxd6 Qd8 11. O-O-O a6 12. Nd4 Na5 13. Be2 b5 14. h4 Bb7 15. f3 Rc8 16. Nb3 Rc6 17. Qd4 Qc7 18. Kb1 Rd8 19. e5 Ne8 20. f4 Nc4 21. Ne4 d5 22. Nec5 Rc8 23. Nxb7 Qxb7 24. Qd3 b4 25. Nd4 Rc5 26. Qg3 Nc7 27. f5 Nb5 28. f6 g6 29. Nxb5 Qxb5 30. Bxc4 Qxc4 31. Rd2 h5 32. Qe3 Kh7 33. g3 Qe4 34. Re1 Qxe3 35. Rxe3 g5 36. a3 a5 37. axb4 axb4 38. Rd4 Rc4 39. Red3 Rxd4 40. Rxd4 Rc4 41. Rd3 gxh4 42. gxh4 Rxh4 43. Ka2 Kg6 44. Rf3 Rg4 45. c3 bxc3 46. Rxc3 h4 47. Rc8 Kf5 48. Rf8 Kxe5 49. Rxf7 Ra4+ 50. Kb3 Rf4 51. Kc3 Rxf6 52. Rh7 Rf3+ 53. Kb4 h3 54. Ka4 Kd6 55. b4 Kc6 56. Rh8 Kb6 57. Rb8+ Kc7 58. Rh8 d4 59. b5 d3 60. Kb3 d2+ 61. Kc2 Rd3 62. Kd1 e5 63. Rh4 Kb6 64. Re4 h2 65. Rh4 e4 66. Rxh2 e3 67. Rh1 Rc3 68. Ke2 Rc1 0-1

[Event "41st Jacques-Lemans-Open 2022"]
[Site "St. Veit/Glan"]
[Date "2022.07.11"]
[Round "4.16"]
[White "Dotzer, Lukas"]
[Black "Hinteregger, Arthur"]
[Result "1/2-1/2"]
[ECO "C03"]
[WhiteElo "2269"]
[BlackElo "1993"]
[Annotator "ChessBase"]
[PlyCount "73"]
[EventDate "2022.07.09"]
[EventType "swiss"]
[EventCountry "AUT"]
[SourceTitle "playchess.com"]
[Source "ChessBase"]
[SourceQuality "1"]
[TimeControl "40/5400+30:1800+30"]

1. e4 e6 2. d4 d5 3. Nd2 Be7 4. Ngf3 Nf6 5. e5 Nfd7 6. c4 c5 7. cxd5 exd5 8. dxc5 Nc6 9. Bb5 Nxc5 10. O-O O-O 11. b3 Qb6 12. Bxc6 bxc6 13. Nd4 Nd3 14. N2f3 Nxc1 15. Rxc1 c5 16. Ne2 Be6 17. Nf4 Rad8 18. Qd2 h6 19. Nxe6 Qxe6 20. Qa5 Qb6 21. Qa4 a6 22. Rfd1 Qe6 23. h3 Rc8 24. Rc2 Rfd8 25. Re2 Kh8 26. Ne1 g5 27. Qg4 Qxg4 28. hxg4 c4 29. Nc2 cxb3 30. axb3 Rc3 31. Nd4 Bc5 32. e6 Bxd4 33. e7 Re8 34. Rxd4 Rc7 35. Rxd5 Rcxe7 36. Rxe7 Rxe7 37. Ra5 1/2-1/2

[Event "41st Jacques-Lemans-Open 2022"]
[Site "St. Veit/Glan"]
[Date "2022.07.11"]
[Round "4.17"]
[White "Fuchs, Patrick"]
[Black "Novosel, Lovro"]
[Result "0-1"]
[ECO "B51"]
[WhiteElo "1990"]
[BlackElo "2255"]
[Annotator "ChessBase"]
[PlyCount "100"]
[EventDate "2022.07.09"]
[EventType "swiss"]
[EventCountry "AUT"]
[SourceTitle "playchess.com"]
[Source "ChessBase"]
[SourceQuality "1"]
[TimeControl "40/5400+30:1800+30"]

1. e4 c5 2. Nf3 d6 3. Bb5+ Nd7 4. O-O a6 5. Bd3 Ngf6 6. Re1 e6 7. c3 b5 8. a4 c4 9. Bf1 Bb7 10. axb5 axb5 11. Rxa8 Qxa8 12. Na3 Qa5 13. d3 cxd3 14. b4 Qb6 15. Bxd3 Be7 16. Nxb5 Bxe4 17. c4 Bxd3 18. Be3 Qc6 19. Qxd3 O-O 20. Bf4 Ne5 21. Bxe5 dxe5 22. Nxe5 Qa6 23. c5 Nd5 24. Qc4 Rb8 25. Nd4 Qxc4 26. Nxc4 Rxb4 27. Rc1 Bxc5 28. Nc6 Ra4 29. Nb2 Ra2 30. Nd3 Bd6 31. g3 g5 32. Nc5 h6 33. Ne4 Ba3 34. Rc4 Bf8 35. Kf1 Kg7 36. Ne5 Ra1+ 37. Kg2 f6 38. Nd7 Be7 39. Ndc5 Kf7 40. Nd3 Ra3 41. Ndc5 f5 42. Nd2 Ra2 43. Ncb3 Rb2 44. Kf1 h5 45. Ke2 g4 46. Nd4 Bf6 47. Nc2 Nc3+ 48. Kd3 Na2 49. Nd4 Rb6 50. Nc6 Rxc6 0-1

[Event "41st Jacques-Lemans-Open 2022"]
[Site "St. Veit/Glan"]
[Date "2022.07.11"]
[Round "4.18"]
[White "Caruso, Augusto"]
[Black "Tumanyan, Gor"]
[Result "1-0"]
[ECO "B27"]
[WhiteElo "2132"]
[BlackElo "1884"]
[Annotator "ChessBase"]
[PlyCount "75"]
[EventDate "2022.07.09"]
[EventType "swiss"]
[EventCountry "AUT"]
[SourceTitle "playchess.com"]
[Source "ChessBase"]
[SourceQuality "1"]
[TimeControl "40/5400+30:1800+30"]

1. e4 c5 2. Nf3 g6 3. d4 cxd4 4. Qxd4 Nf6 5. Qa4 Nc6 6. Nc3 d6 7. e5 dxe5 8. Nxe5 Bd7 9. Nxd7 Qxd7 10. Be3 Bg7 11. Rd1 Qf5 12. Bd3 Qh5 13. Ba6 Rd8 14. Bxb7 Rxd1+ 15. Nxd1 Qa5+ 16. Qxa5 Nxa5 17. Bf3 a6 18. b3 Kd7 19. Nb2 Rc8 20. c4 Ke8 21. Na4 Nd7 22. Ke2 f5 23. Rd1 Rc7 24. Nb6 e5 25. Nxd7 Rxd7 26. Bb6 Nxc4 27. Rxd7 Kxd7 28. bxc4 e4 29. Bxe4 fxe4 30. Ke3 Kc6 31. Bd4 Bf8 32. Kxe4 Bd6 33. f4 Bf8 34. g4 a5 35. a4 Bd6 36. h3 Bc7 37. f5 gxf5+ 38. gxf5 1-0

[Event "41st Jacques-Lemans-Open 2022"]
[Site "St. Veit/Glan"]
[Date "2022.07.11"]
[Round "4.19"]
[White "Elpons, Walter"]
[Black "Vojinov, Danijel"]
[Result "0-1"]
[ECO "A45"]
[WhiteElo "1952"]
[BlackElo "2201"]
[Annotator "ChessBase"]
[PlyCount "90"]
[EventDate "2022.07.09"]
[EventType "swiss"]
[EventCountry "AUT"]
[SourceTitle "playchess.com"]
[Source "ChessBase"]
[SourceQuality "1"]
[TimeControl "40/5400+30:1800+30"]

1. d4 Nf6 2. Bf4 d6 3. e3 g6 4. Bd3 Bg7 5. Nf3 c6 6. O-O Bg4 7. h3 Bxf3 8. Qxf3 Nbd7 9. Bh2 O-O 10. c3 e5 11. dxe5 Nxe5 12. Bxe5 dxe5 13. e4 Qb6 14. b3 Rad8 15. Nd2 Nh5 16. Nc4 Qc7 17. Rfd1 Nf4 18. Bc2 b5 19. Nb2 Qa5 20. Kh2 Rxd1 21. Nxd1 Rd8 22. Qe3 Bf8 23. g3 Ne6 24. Nb2 Bc5 25. Qe1 Bxf2 26. Qxf2 Qxc3 27. Rd1 Qxb2 28. Rf1 Rd7 29. Kh1 Qxa2 30. b4 Nd4 31. Rd1 Qe6 32. Bb1 Qxh3+ 33. Kg1 Qg4 34. Rf1 Ne2+ 35. Kh2 Nd4 36. Ba2 Qe2 37. Kg1 Qxf2+ 38. Rxf2 Kg7 39. g4 h6 40. Kg2 Rc7 41. Kh3 f6 42. Rd2 c5 43. bxc5 Rxc5 44. Bd5 Rc3+ 45. Kg2 Rc2 0-1

[Event "41st Jacques-Lemans-Open 2022"]
[Site "St. Veit/Glan"]
[Date "2022.07.11"]
[Round "4.20"]
[White "Blasge, Tobias"]
[Black "Bauer, Thomas"]
[Result "0-1"]
[ECO "A61"]
[WhiteElo "1826"]
[BlackElo "2228"]
[Annotator "ChessBase"]
[PlyCount "75"]
[EventDate "2022.07.09"]
[EventType "swiss"]
[EventCountry "AUT"]
[SourceTitle "playchess.com"]
[Source "ChessBase"]
[SourceQuality "1"]
[TimeControl "40/5400+30:1800+30"]

1. d4 Nf6 2. c4 e6 3. Nf3 c5 4. d5 exd5 5. cxd5 d6 6. Nc3 g6 7. Bf4 a6 8. a4 Bg7 9. h3 O-O 10. e3 Ne8 11. Be2 b6 12. O-O Nd7 13. Qd2 Ne5 14. Rfe1 h6 15. Bh2 Qe7 16. Rab1 Qc7 17. e4 Nxf3+ 18. Bxf3 Rb8 19. Rbd1 f6 20. Be2 Qe7 21. Bf4 Kh7 22. Be3 Nc7 23. f4 b5 24. axb5 axb5 25. Bf3 Rf7 26. Bxc5 b4 27. Ne2 dxc5 28. d6 Qd8 29. dxc7 Qxc7 30. Ng3 Bb7 31. Rc1 Ba6 32. b3 Rd7 33. Qa2 Qxf4 34. Qxa6 Qxg3 35. Qe6 Rd2 36. Qc4 Rbd8 37. Qxc5 R8d3 38. Re3 0-1

[Event "41st Jacques-Lemans-Open 2022"]
[Site "St. Veit/Glan"]
[Date "2022.07.12"]
[Round "4.21"]
[White "Manhardt, Thomas"]
[Black "Kozomara, David"]
[Result "1-0"]
[ECO "A01"]
[WhiteElo "2227"]
[BlackElo "2016"]
[Annotator "ChessBase"]
[PlyCount "175"]
[EventDate "2022.07.09"]
[EventType "swiss"]
[EventCountry "AUT"]
[SourceTitle "playchess.com"]
[Source "ChessBase"]
[SourceQuality "1"]
[TimeControl "40/5400+30:1800+30"]

1. b3 Nf6 2. Bb2 c5 3. e3 d5 4. f4 Nc6 5. Bb5 Bg4 6. Bxc6+ bxc6 7. Nf3 e6 8. O-O Be7 9. d3 O-O 10. Nbd2 Nd7 11. h3 Bxf3 12. Nxf3 Bf6 13. Bxf6 Qxf6 14. Qe1 Rfe8 15. Qg3 Qg6 16. Qxg6 hxg6 17. Ne5 Nxe5 18. fxe5 Rf8 19. Rf4 f5 20. exf6 gxf6 21. Ra4 a5 22. Rf1 Kg7 23. c3 e5 24. Kf2 Rfb8 25. Rc1 Rb6 26. Rc2 Kf7 27. d4 cxd4 28. cxd4 e4 29. Rc5 Rba6 30. h4 Ke6 31. g4 Kd6 32. Kg3 Ke6 33. Rc1 Rb8 34. Rc5 Rba8 35. Kf4 R8a7 36. Rc2 Ra8 37. Rh2 Rb8 38. g5 Raa8 39. gxf6 Kxf6 40. Rc2 Ra6 41. Kg4 Rb5 42. Rf2+ Kg7 43. Kg5 c5 44. Rc2 Rc6 45. Rxc5 Rcxc5 46. dxc5 Rxc5 47. Rd4 Rb5 48. Kf4 Kf6 49. a4 Rc5 50. b4 axb4 51. Rxb4 Ra5 52. Rb6+ Kg7 53. Rb5 Rxa4 54. Rxd5 Ra8 55. Rd4 Rh8 56. Kg4 Re8 57. Rd7+ Kf6 58. Rd6+ Kg7 59. Rd2 Kf6 60. Rf2+ Kg7 61. Ra2 Kf6 62. Kf4 Kg7 63. Ra5 Kf6 64. Kg4 Rh8 65. Ra6+ Kg7 66. Re6 Ra8 67. Rxe4 Kf6 68. Rf4+ Ke5 69. Kg5 Ra6 70. Rf8 Re6 71. Rg8 Kd5 72. Rxg6 Rxe3 73. h5 Ke5 74. Ra6 Rg3+ 75. Kh6 Kf5 76. Kh7 Rg2 77. h6 Rg3 78. Kh8 Rg2 79. h7 Rg3 80. Ra8 Kf6 81. Rf8+ Ke7 82. Rg8 Rh3 83. Kg7 Rg3+ 84. Kh6 Rh3+ 85. Kg6 Rg3+ 86. Kf5 Rf3+ 87. Ke4 Rh3 88. h8=Q 1-0

[Event "41st Jacques-Lemans-Open 2022"]
[Site "St. Veit/Glan"]
[Date "2022.07.12"]
[Round "4.22"]
[White "Navaratnam, Ishaan Quan Tze"]
[Black "Hechl, Gerald"]
[Result "0-1"]
[ECO "A11"]
[WhiteElo "1409"]
[BlackElo "2222"]
[Annotator "ChessBase"]
[PlyCount "172"]
[EventDate "2022.07.09"]
[EventType "swiss"]
[EventCountry "AUT"]
[SourceTitle "playchess.com"]
[Source "ChessBase"]
[SourceQuality "1"]
[TimeControl "40/5400+30:1800+30"]

1. e4 a6 2. d4 b5 3. Nf3 Bb7 4. Bd3 Nf6 5. e5 Nd5 6. Bd2 e6 7. Nc3 Nxc3 8. bxc3 c5 9. Qe2 Be7 10. O-O Qc8 11. Bg5 f6 12. Bh4 Qc6 13. Ne1 Kd8 14. Qg4 g5 15. exf6 Bxf6 16. Bxg5 Bxg5 17. Qxg5+ Kc8 18. Nf3 c4 19. Ne5 Qxg2+ 20. Qxg2 Bxg2 21. Kxg2 cxd3 22. cxd3 d6 23. Nf3 Nc6 24. Rfe1 Kd7 25. Re3 Ne7 26. c4 Raf8 27. Rae1 Rf6 28. d5 e5 29. d4 Nf5 30. Re4 Rg8+ 31. Kf1 Ne7 32. Nd2 Rgf8 33. R1e2 Ng6 34. dxe5 Nxe5 35. c5 Nd3 36. c6+ Kd8 37. f3 Nf4 38. R2e3 Nxd5 39. Rd3 Nf4 40. Rc3 Ne6 41. Rh4 R8f7 42. a4 Kc7 43. axb5 axb5 44. Rb4 Rf5 45. Kf2 Rh5 46. h4 Nc5 47. Ne4 Kxc6 48. Rxb5 Kxb5 49. Nxd6+ Kb4 50. Rc4+ Kb3 51. Rxc5 Rxf3+ 52. Kxf3 Rxc5 53. Kg4 h5+ 54. Kf4 Kc2 55. Nf5 Kd3 56. Nd6 Kd4 57. Nf7 Ra5 58. Ng5 Rb5 59. Nf7 Rd5 60. Ng5 Kc5 61. Nf7 Kc6 62. Nh6 Kd7 63. Nf5 Ke6 64. Ng3 Kf6 65. Ne4+ Kg6 66. Ng3 Rd4+ 67. Ne4 Ra4 68. Ke5 Ra1 69. Kf4 Rg1 70. Ng3 Rg2 71. Kf3 Rh2 72. Ne2 Rxh4 73. Kg3 Kg5 74. Ng1 Rg4+ 75. Kh2 Kf4 76. Nh3+ Kf3 77. Ng1+ Kf2 78. Nh3+ Kf1 79. Kh1 h4 80. Kh2 Rg2+ 81. Kh1 Ra2 82. Ng1 Kf2 83. Kh2 Ra3 84. Nh3+ Kf3 85. Ng1+ Kg4 86. Kh1 Ra2 0-1

[Event "41st Jacques-Lemans-Open 2022"]
[Site "St. Veit/Glan"]
[Date "2022.07.11"]
[Round "4.23"]
[White "Schwab, Lukas"]
[Black "Ljubic, Luka"]
[Result "1/2-1/2"]
[ECO "B33"]
[WhiteElo "2166"]
[BlackElo "1768"]
[Annotator "ChessBase"]
[PlyCount "61"]
[EventDate "2022.07.09"]
[EventType "swiss"]
[EventCountry "AUT"]
[SourceTitle "playchess.com"]
[Source "ChessBase"]
[SourceQuality "1"]
[TimeControl "40/5400+30:1800+30"]

1. e4 c5 2. Nf3 Nc6 3. d4 cxd4 4. Nxd4 Nf6 5. Nc3 e5 6. Ndb5 d6 7. Bg5 a6 8. Na3 b5 9. Nd5 Be7 10. Bxf6 Bxf6 11. c3 Rb8 12. Nc2 O-O 13. g3 Bg5 14. Bg2 Be6 15. O-O a5 16. f4 exf4 17. gxf4 Bh6 18. Qh5 f5 19. Nce3 fxe4 20. Bxe4 Ne7 21. Rae1 Bxd5 22. Nxd5 Nxd5 23. Bxd5+ Kh8 24. Re4 b4 25. c4 b3 26. axb3 Rxb3 27. Rf2 Qb6 28. Re8 g6 29. Rxf8+ Bxf8 30. Qe2 Qe3 31. Qxe3 1/2-1/2

[Event "41st Jacques-Lemans-Open 2022"]
[Site "St. Veit/Glan"]
[Date "2022.07.11"]
[Round "4.24"]
[White "Besner, Bernhard"]
[Black "Bajorski, Marius"]
[Result "1/2-1/2"]
[ECO "C54"]
[WhiteElo "2164"]
[BlackElo "1870"]
[Annotator "ChessBase"]
[PlyCount "67"]
[EventDate "2022.07.09"]
[EventType "swiss"]
[EventCountry "AUT"]
[SourceTitle "playchess.com"]
[Source "ChessBase"]
[SourceQuality "1"]
[TimeControl "40/5400+30:1800+30"]

1. e4 e5 2. Nf3 Nc6 3. Bc4 Bc5 4. c3 Nf6 5. d4 exd4 6. O-O Nxe4 7. cxd4 d5 8. dxc5 dxc4 9. Qe2 Qd3 10. Re1 f5 11. Nc3 O-O 12. Nxe4 fxe4 13. Qxe4 Bf5 14. Qh4 Rae8 15. Bf4 c3 16. bxc3 Qxc3 17. Bxc7 Qxc5 18. Qg3 Qc4 19. Bd6 Rxe1+ 20. Rxe1 Rc8 21. a3 Qg4 22. h3 Qxg3 23. Bxg3 Rd8 24. Bf4 Nd4 25. Nxd4 Rxd4 26. Bb8 a6 27. Re7 Rd7 28. Re5 Bd3 29. Re3 Bb5 30. Be5 Rd3 31. Rxd3 Bxd3 32. f4 Kf7 33. Kf2 g6 34. g4 1/2-1/2

[Event "41st Jacques-Lemans-Open 2022"]
[Site "St. Veit/Glan"]
[Date "2022.07.11"]
[Round "4.25"]
[White "Galoic, David"]
[Black "Gschiel, Alexander"]
[Result "0-1"]
[ECO "E06"]
[WhiteElo "1963"]
[BlackElo "2215"]
[Annotator "ChessBase"]
[PlyCount "60"]
[EventDate "2022.07.09"]
[EventType "swiss"]
[EventCountry "AUT"]
[SourceTitle "playchess.com"]
[Source "ChessBase"]
[SourceQuality "1"]
[TimeControl "40/5400+30:1800+30"]

1. Nf3 d5 2. c4 e6 3. d4 Nf6 4. g3 Be7 5. Bg2 O-O 6. O-O c6 7. Nc3 Nbd7 8. Re1 dxc4 9. a4 Nd5 10. Nd2 b6 11. Nxc4 Ba6 12. Na3 N7f6 13. Bg5 Rc8 14. Nxd5 cxd5 15. Nb5 Qd7 16. Nc3 h6 17. Bd2 Ne8 18. Bf1 Nd6 19. e3 Bxf1 20. Kxf1 Nc4 21. Ra2 Bb4 22. Nb1 Nxd2+ 23. Nxd2 Rc7 24. Re2 Rfc8 25. Nb3 a5 26. Kg2 b5 27. Qa1 bxa4 28. Rxa4 Qb5 29. Kf3 Qd3 30. g4 Qxb3 0-1

[Event "41st Jacques-Lemans-Open 2022"]
[Site "St. Veit/Glan"]
[Date "2022.07.11"]
[Round "4.26"]
[White "Schein, Karl-Heinz"]
[Black "Rempe, Jonas"]
[Result "1-0"]
[ECO "E73"]
[WhiteElo "2167"]
[BlackElo "1861"]
[Annotator "ChessBase"]
[PlyCount "133"]
[EventDate "2022.07.09"]
[EventType "swiss"]
[EventCountry "AUT"]
[SourceTitle "playchess.com"]
[Source "ChessBase"]
[SourceQuality "1"]
[TimeControl "40/5400+30:1800+30"]

1. d4 Nf6 2. c4 g6 3. Nc3 Bg7 4. e4 d6 5. Be2 O-O 6. Bg5 Na6 7. f4 c5 8. d5 Qa5 9. Qd2 e6 10. Nf3 exd5 11. cxd5 Re8 12. O-O Qb4 13. e5 dxe5 14. fxe5 Ng4 15. Bb5 Rxe5 16. Nxe5 Bxe5 17. h3 Nc7 18. Be2 Qd4+ 19. Qxd4 Bxd4+ 20. Kh1 Nf2+ 21. Kh2 Bxc3 22. bxc3 Ne4 23. d6 Ne8 24. Be7 N8xd6 25. Rad1 Be6 26. Bxd6 Nxc3 27. Rde1 Nxe2 28. Rxe2 Bc4 29. Rfe1 Bxe2 30. Rxe2 Rd8 31. Bxc5 b6 32. Bf2 Rd7 33. Rc2 Kg7 34. Bg3 Rd3 35. Be5+ Kh6 36. Rc7 Ra3 37. Rxf7 Rxa2 38. h4 g5 39. hxg5+ Kxg5 40. Rxh7 b5 41. Rb7 a6 42. Rb6 Kf5 43. Bd6 Kg4 44. Bf8 Kh4 45. Rb8 Kg4 46. Bd6 Kh4 47. Rg8 a5 48. Be7+ Kh5 49. Rg5+ Kh6 50. Rxb5 Kg6 51. Kg3 a4 52. Ra5 Kf7 53. Bc5 Kg6 54. Kf3 Kf5 55. g4+ Kg6 56. Kf4 Rc2 57. Ra6+ Kf7 58. Bd4 Rc4 59. Ke5 a3 60. g5 Rc8 61. g6+ Kg8 62. Rxa3 Re8+ 63. Kf5 Rd8 64. Be5 Rf8+ 65. Bf6 Rb8 66. Rh3 Rb5+ 67. Be5 1-0

[Event "41st Jacques-Lemans-Open 2022"]
[Site "St. Veit/Glan"]
[Date "2022.07.11"]
[Round "4.27"]
[White "Hoffmann, Sebastian"]
[Black "Huber, Mario"]
[Result "1-0"]
[ECO "A52"]
[WhiteElo "2148"]
[BlackElo "2125"]
[Annotator "ChessBase"]
[PlyCount "137"]
[EventDate "2022.07.09"]
[EventType "swiss"]
[EventCountry "AUT"]
[SourceTitle "playchess.com"]
[Source "ChessBase"]
[SourceQuality "1"]
[TimeControl "40/5400+30:1800+30"]

1. d4 Nf6 2. c4 e5 3. dxe5 Ng4 4. e3 Nxe5 5. Nh3 d6 6. Nf4 Be7 7. Be2 Nbc6 8. Nc3 Bf6 9. O-O g6 10. Nfd5 Bg7 11. Nb5 O-O 12. Nbxc7 Rb8 13. Nb5 a6 14. Nbc3 Be6 15. h3 Qh4 16. f4 Nd7 17. Qe1 Qxe1 18. Rxe1 f5 19. Rb1 Kf7 20. b3 Nf6 21. Bf3 Ne7 22. Rd1 Nexd5 23. Nxd5 Nxd5 24. Bxd5 b5 25. Ba3 Rfd8 26. cxb5 Rxb5 27. Bc6 Ra5 28. Ba4 Rd5 29. Rxd5 Bxd5 30. Rc1 Bf6 31. Rc7+ Be7 32. Bd7 Rb8 33. Bc6 Bxc6 34. Rxc6 Ke6 35. Rxa6 Rc8 36. Bb2 Rc2 37. Bd4 Bh4 38. Kh2 Kd5 39. a4 h5 40. Ba7 Bf2 41. e4+ fxe4 42. Ra5+ Ke6 43. Bxf2 Rxf2 44. Rg5 Kf6 45. Rg3 Rxf4 46. b4 e3 47. Rxe3 Rxb4 48. Ra3 Rb6 49. a5 Ra6 50. Kg3 Ke5 51. Ra4 Kd5 52. Kf4 Kc5 53. Ke4 d5+ 54. Ke5 h4 55. Rd4 Rd6 56. a6 Rxa6 57. Rxd5+ Kc4 58. Rd4+ Kc3 59. Rxh4 Kd3 60. Rf4 Ke3 61. Rf3+ Ke2 62. Rf6 Ra5+ 63. Kf4 Kf2 64. Rxg6 Ra8 65. Rg4 Rf8+ 66. Kg5 Rg8+ 67. Kh6 Rh8+ 68. Kg7 Rh5 69. h4 1-0

[Event "41st Jacques-Lemans-Open 2022"]
[Site "St. Veit/Glan"]
[Date "2022.07.11"]
[Round "4.28"]
[White "Klausner, Felix"]
[Black "Leitner, Gerald"]
[Result "0-1"]
[ECO "C05"]
[WhiteElo "1943"]
[BlackElo "2145"]
[Annotator "ChessBase"]
[PlyCount "48"]
[EventDate "2022.07.09"]
[EventType "swiss"]
[EventCountry "AUT"]
[SourceTitle "playchess.com"]
[Source "ChessBase"]
[SourceQuality "1"]
[TimeControl "40/5400+30:1800+30"]

1. e4 e6 2. d4 d5 3. Nd2 Nf6 4. e5 Nfd7 5. Bd3 c5 6. c3 Nc6 7. Ne2 Rb8 8. O-O b5 9. f4 g6 10. Nf3 b4 11. Be3 Qa5 12. c4 dxc4 13. Bxc4 Nb6 14. Bb3 c4 15. Bc2 Nd5 16. Bf2 Ba6 17. g3 Be7 18. Rc1 O-O 19. Ng5 Rfc8 20. Ne4 c3 21. b3 Rd8 22. Bb1 Nc7 23. Re1 Kg7 24. Rc2 Nb5 0-1

[Event "41st Jacques-Lemans-Open 2022"]
[Site "St. Veit/Glan"]
[Date "2022.07.11"]
[Round "4.29"]
[White "Praznik, Anton"]
[Black "Enne, Harald"]
[Result "1/2-1/2"]
[ECO "B51"]
[WhiteElo "2137"]
[BlackElo "1919"]
[Annotator "ChessBase"]
[PlyCount "67"]
[EventDate "2022.07.09"]
[EventType "swiss"]
[EventCountry "AUT"]
[SourceTitle "playchess.com"]
[Source "ChessBase"]
[SourceQuality "1"]
[TimeControl "40/5400+30:1800+30"]

1. e4 c5 2. Nf3 d6 3. Bb5+ Nc6 4. Bxc6+ bxc6 5. O-O e5 6. b3 Nf6 7. Re1 Bg4 8. h3 Bh5 9. c3 Be7 10. d3 O-O 11. Nbd2 Qc7 12. Nf1 Bxf3 13. Qxf3 d5 14. Bg5 d4 15. cxd4 cxd4 16. Rac1 Rac8 17. Rc4 Ne8 18. Bxe7 Qxe7 19. Rec1 Qa3 20. Qe2 Nd6 21. Rxc6 Qxc1 22. Rxc1 Rxc1 23. Kh2 Rfc8 24. Ng3 R8c2 25. Qg4 Rxf2 26. Qd7 h5 27. Qxd6 Rcc2 28. Qxe5 Rxg2+ 29. Kh1 Rh2+ 30. Kg1 Rcg2+ 31. Kf1 Rb2 32. Kg1 Rbg2+ 33. Kf1 Rb2 34. Kg1 1/2-1/2

[Event "41st Jacques-Lemans-Open 2022"]
[Site "St. Veit/Glan"]
[Date "2022.07.11"]
[Round "4.30"]
[White "Wegerer, Fred"]
[Black "Praxmarer, Christian"]
[Result "0-1"]
[ECO "A13"]
[WhiteElo "2137"]
[BlackElo "1906"]
[Annotator "ChessBase"]
[PlyCount "86"]
[EventDate "2022.07.09"]
[EventType "swiss"]
[EventCountry "AUT"]
[SourceTitle "playchess.com"]
[Source "ChessBase"]
[SourceQuality "1"]
[TimeControl "40/5400+30:1800+30"]

1. c4 e6 2. Nc3 f5 3. e4 fxe4 4. d3 Bb4 5. Bd2 Nf6 6. dxe4 e5 7. Bd3 O-O 8. Nf3 d6 9. h3 Na6 10. Nd5 Bxd2+ 11. Qxd2 Nc5 12. Nxf6+ Qxf6 13. O-O-O Qf4 14. Qxf4 Rxf4 15. Bc2 Bd7 16. b4 Nxe4 17. Nxe5 Be6 18. g3 Rxf2 19. Bxe4 dxe5 20. Bxb7 Rb8 21. Bd5 Bxd5 22. Rxd5 Rxb4 23. Re1 Rxc4+ 24. Kb1 e4 25. Re5 Rb4+ 26. Ka1 Ra4 27. Kb1 Rfxa2 28. R1xe4 Rxe4 29. Rxe4 Ra3 30. Rg4 Rc3 31. Kb2 Rc6 32. Rf4 g6 33. Kb3 Kg7 34. Kb4 Rf6 35. Rc4 Rf3 36. Rxc7+ Kh6 37. g4 Rxh3 38. Rxa7 Rh4 39. Kc3 Rxg4 40. Kd3 Rf4 41. Ke3 Rf8 42. Rb7 g5 43. Rc7 Kg6 0-1

[Event "41st Jacques-Lemans-Open 2022"]
[Site "St. Veit/Glan"]
[Date "2022.07.11"]
[Round "4.31"]
[White "Bethke, Robert"]
[Black "Merei, David"]
[Result "1-0"]
[ECO "D37"]
[WhiteElo "2070"]
[BlackElo "1839"]
[Annotator "ChessBase"]
[PlyCount "83"]
[EventDate "2022.07.09"]
[EventType "swiss"]
[EventCountry "AUT"]
[SourceTitle "playchess.com"]
[Source "ChessBase"]
[SourceQuality "1"]
[TimeControl "40/5400+30:1800+30"]

1. d4 d5 2. c4 e6 3. Nc3 Nf6 4. Nf3 Be7 5. Bf4 c5 6. e3 O-O 7. Be2 Nc6 8. dxc5 Bxc5 9. cxd5 exd5 10. O-O Bf5 11. Bg5 Be6 12. Rc1 Be7 13. Nd4 h6 14. Bh4 Qb6 15. Na4 Qb4 16. a3 Qd6 17. Bg3 Qd7 18. Bb5 Rac8 19. Nxc6 bxc6 20. Ba6 Rce8 21. Qc2 Ne4 22. b4 Nxg3 23. hxg3 Bf5 24. Nc5 Bxc5 25. Qxc5 Re6 26. Rfd1 Be4 27. f3 Bh7 28. e4 Rg6 29. exd5 Rxg3 30. dxc6 Qh3 31. Qf2 Bf5 32. c7 Rg6 33. Rd6 Rxd6 34. gxh3 Rxa6 35. Qc5 Bxh3 36. b5 Rg6+ 37. Kh2 Bc8 38. Rd1 Rg5 39. Qe7 Rh5+ 40. Kg3 f5 41. Rd8 f4+ 42. Kf2 1-0

[Event "41st Jacques-Lemans-Open 2022"]
[Site "St. Veit/Glan"]
[Date "2022.07.11"]
[Round "4.32"]
[White "Hafner, Robert"]
[Black "Rabensteiner, Klaus"]
[Result "1/2-1/2"]
[ECO "D05"]
[WhiteElo "1933"]
[BlackElo "2019"]
[Annotator "ChessBase"]
[PlyCount "149"]
[EventDate "2022.07.09"]
[EventType "swiss"]
[EventCountry "AUT"]
[SourceTitle "playchess.com"]
[Source "ChessBase"]
[SourceQuality "1"]
[TimeControl "40/5400+30:1800+30"]

1. d4 d5 2. e3 Nf6 3. Nf3 e6 4. Be2 b6 5. O-O Bb7 6. b3 Nbd7 7. Bb2 Be7 8. Nbd2 O-O 9. c4 c5 10. Rc1 Ne4 11. Qc2 f5 12. dxc5 Ndxc5 13. Ne5 Nxd2 14. Qxd2 Bf6 15. Rfd1 Qe7 16. Qc2 Rfd8 17. Qb1 Nd7 18. Qa1 Nxe5 19. Bxe5 Bxe5 20. Qxe5 Qd6 21. Qxd6 Rxd6 22. cxd5 Bxd5 23. Rc7 a6 24. h3 b5 25. Bf3 Rad8 26. Bxd5 exd5 27. Kh2 d4 28. exd4 Rxd4 29. Re1 R8d7 30. Rxd7 Rxd7 31. Re6 Rd2 32. Rxa6 Rxf2 33. Kg3 Rd2 34. Ra7 Rd4 35. Kf3 g5 36. Ra5 Rd5 37. a4 Rd3+ 38. Ke2 Rxb3 39. Rxb5 Rg3 40. Rxf5 Rxg2+ 41. Kf3 Rg1 42. Kf2 Ra1 43. Rxg5+ Kf7 44. Rg4 Ra3 45. h4 Kf6 46. Ke2 Kf5 47. Rb4 Ke5 48. Kd2 Kd5 49. Kc2 Kc5 50. Rf4 Rh3 51. Kd2 Kd5 52. Ke2 Ke5 53. Rb4 Ra3 54. Kf2 Kf5 55. h5 Kf6 56. Ke2 Ke5 57. Kd2 Kd5 58. Kc2 Kc5 59. Rf4 Rh3 60. Rf5+ Kc4 61. a5 Rh2+ 62. Kd1 Kd4 63. Ke1 Ke3 64. Kf1 Ke4 65. Rb5 Kf3 66. Rb3+ Ke4 67. Ra3 Rxh5 68. a6 Rf5+ 69. Kg2 Rf8 70. a7 Ra8 71. Ra5 Kd4 72. Kf3 Kc4 73. Ke4 Kb4 74. Ra1 Kb5 75. Kf5 1/2-1/2

[Event "41st Jacques-Lemans-Open 2022"]
[Site "St. Veit/Glan"]
[Date "2022.07.11"]
[Round "4.33"]
[White "Lipp, Alfred"]
[Black "Burbach, Brunel Baron"]
[Result "1/2-1/2"]
[ECO "A25"]
[WhiteElo "2011"]
[BlackElo "1820"]
[Annotator "ChessBase"]
[PlyCount "119"]
[EventDate "2022.07.09"]
[EventType "swiss"]
[EventCountry "AUT"]
[SourceTitle "playchess.com"]
[Source "ChessBase"]
[SourceQuality "1"]
[TimeControl "40/5400+30:1800+30"]

1. c4 e5 2. Nc3 Nc6 3. g3 f5 4. d3 Nf6 5. Bg2 d6 6. e3 Be6 7. Nd5 g6 8. Qb3 Bc8 9. Ne2 Bg7 10. Nec3 Nxd5 11. cxd5 Ne7 12. Qc4 a6 13. a4 Bd7 14. a5 c6 15. O-O b5 16. axb6 Qxb6 17. dxc6 Bxc6 18. Bxc6+ Qxc6 19. Qxc6+ Nxc6 20. Nd5 Kf7 21. Bd2 Rhb8 22. Bc3 Ne7 23. Nxe7 Kxe7 24. Ra5 Rb6 25. Rfa1 Kd7 26. f4 Bh8 27. fxe5 Bxe5 28. d4 Bh8 29. Kf2 Kc6 30. Ke2 Kb7 31. Kd3 Rc8 32. e4 fxe4+ 33. Kxe4 Re8+ 34. Kd3 Rc8 35. g4 Bg7 36. h4 Re8 37. h5 gxh5 38. Rxh5 h6 39. Rf5 Re7 40. Raf1 Rc6 41. Ba5 Kc8 42. g5 hxg5 43. Rxg5 Bh6 44. Rg8+ Kb7 45. Re1 Rxe1 46. Bxe1 Rb6 47. b4 d5 48. Rd8 Rb5 49. Bg3 a5 50. Rb8+ Kc6 51. Rc8+ Kb7 52. Rc7+ Ka6 53. Bd6 Rb7 54. Rxb7 Kxb7 55. bxa5 Ka6 56. Bc7 Kb5 57. Kc3 Bf8 58. Kb3 Bg7 59. Kc3 Bxd4+ 60. Kxd4 1/2-1/2